 Dungeon Crawl Stone Soup version 0.30-b1-2-g02819fbbbe (webtiles) character file.

Game seed: 3576458829252032867

252 Flugkiller the Trooper (level 5, -1/48 HPs)
             Began as a Minotaur Fighter on May 8, 2023.
             Slain by an ogre
             ... wielding a +0 giant club
              (7 damage)
             ... on level 4 of the Dungeon.
             The game lasted 00:01:45 (2914 turns).

Flugkiller the Trooper (Minotaur Fighter)           Turns: 2914, Time: 00:01:46

Health: -1/48      AC:  8    Str: 21    XL:     5   Next: 89%
Magic:  4/4        EV:  9    Int:  5    God:
Gold:   153        SH:  4    Dex: 11    Spells: 4/4 levels left

rFire   + . .        a - +1 war axe
rCold   . . .        c - +0 buckler
rNeg    . . .        b - +0 scale mail
rPois   .            (helmet restricted)
rElec   .            (no cloak)
rCorr   .            m - +0 pair of gloves
SInv    +            (no boots)
Will    .....        (no amulet) Stlth
                     i - ring of see invisible
HPRegen 0.28/turn    f - ring of protection from fire
MPRegen 0.09/turn

%: no passive effects
@: no status effects
A: horns 2, retaliatory headbutt
a: no special abilities


You were on level 4 of the Dungeon.
You visited 1 branch of the dungeon, and saw 4 of its levels.

You collected 153 gold pieces.

Inventory:

Hand Weapons
 a - a +1 war axe (weapon)
Armour
 b - a +0 scale mail (worn)
 c - a +0 buckler (worn)
 m - a +0 pair of gloves (worn)
   (You found it on level 2 of the Dungeon)
Jewellery
 f - a ring of protection from fire (right hand)
   (You found it on level 3 of the Dungeon)
 i - a ring of see invisible (left hand)
   (You found it on level 3 of the Dungeon)
Wands
 v - a wand of paralysis (11)
   (You found it on level 3 of the Dungeon)
Scrolls
 l - a scroll of fog
 t - a scroll of teleportation
 w - a scroll of silence
Potions
 d - 3 potions of might
 j - a potion of mutation {unknown}
 k - a potion of invisibility {unknown}
 n - a potion of ambrosia
 o - a potion of haste {unknown}
 p - a potion of magic {unknown}
 q - 2 potions of curing
 u - a potion of heal wounds {unknown}


   Skills:
 * Level 5.2 Fighting
 * Level 4.6 Axes
 * Level 5.2 Armour
 + Level 4.3 Shields
 + Level 0.3 Evocations


You had 4 spell levels left.
You didn't know any spells.
Your spell library was empty.

Dungeon Overview and Level Annotations

Branches:
Dungeon (4/15)
 Temple: D:4-7

Altars:


Innate Abilities, Weirdness & Mutations

You have a pair of horns on your head.
You reflexively headbutt those who attack you in melee.


Message History

No target in view!
There is a stone staircase leading up here.
Ijyb the Twisted Goblin comes into view.
She is wielding a +0 club and carrying a wand of roots (3).
Ijyb shouts!
Ijyb is nearby!
Ijyb is nearby!
Ijyb zaps a wand.
The roots erupt in riotous growth!
The grasping roots grab you! The grasping roots constrict you.
You hear a shout!
You see here 5 gold pieces.
You escape the roots grasp.
Ijyb zaps a wand.
The roots erupt in riotous growth!
The grasping roots grab you! The grasping roots constrict you.
You escape the roots grasp.
Ijyb zaps a wand.
The roots erupt in riotous growth!
The grasping roots grab you!
Ijyb is unaffected.
The now-empty wand crumbles to dust.
The grasping roots constrict you.
You hear an angry hiss.
You hit Ijyb but do no damage. Ijyb hits you with a +0 club.
The grasping roots constrict you.
A ball python comes into view.
Ijyb hits you but does no damage. The grasping roots constrict you.
The grasping roots release their grip on you.
You hit Ijyb. Your headbutt misses Ijyb.
Ijyb is moderately wounded.
Ijyb hits you with a +0 club.
You closely miss Ijyb.
Ijyb is moderately wounded.
Ijyb misses you.
You closely miss Ijyb.
Ijyb is moderately wounded.
Ijyb hits you with a +0 club.
You slash Ijyb!
Ijyb is heavily wounded.
Ijyb hits you but does no damage. Ijyb barely misses you.
You hit Ijyb but do no damage. You headbutt Ijyb!
You kill Ijyb!
You hit the ball python but do no damage.
The ball python bites you but does no damage.
You block the ball python's attack.
A hobgoblin comes into view.
The ball python closely misses you. The ball python barely misses you.
The hobgoblin shouts!
The ball python bites you but does no damage.
The ball python grabs you. The ball python constricts you.
Things that are here:
a +0 club; a +0 ring mail You escape the ball python's grasp.
You closely miss the ball python.
The ball python bites you but does no damage.
The ball python barely misses you.
You barely miss the ball python.
The ball python bites you but does no damage.
The ball python grabs you. The ball python constricts you.
You block the ball python's attack. The ball python constricts you.
You closely miss the ball python.
The ball python bites you but does no damage.
The ball python constricts you.
You completely miss the ball python. You hit the hobgoblin.
You block the ball python's attack. The ball python constricts you.
The hobgoblin hits you but does no damage.
The ball python bites you but does no damage.
The ball python constricts you.
You barely miss the ball python. You hit the hobgoblin.
You kill the hobgoblin!
The ball python bites you. The ball python constricts you.
You slash the ball python!
You kill the ball python!
No target in view!
Things that are here:
a +0 club; a +0 ring mail; a ball python corpse No target in view!
You see here a hobgoblin corpse.
HP restored.
Things that are here:
a +0 club; a +0 ring mail; a ball python corpse You now have 153 gold pieces (gained 5).
The ogre shouts!
An ogre is nearby!
An ogre is nearby!
An ogre is nearby!
The ogre hits you with a +0 giant club!!
You slash the ogre!
The ogre is moderately wounded.
You block the ogre's attack.
You completely miss the ogre. You headbutt the ogre.
The ogre is heavily wounded.
You slash the ogre!
The ogre is almost dead.
The ogre hits you with a +0 giant club!!
* * * LOW HITPOINT WARNING * * *
You are too injured to fight recklessly!
You are too injured to fight recklessly!
You are too injured to fight recklessly!
The ogre attacks as you move away! The ogre closely misses you.
The ogre attacks as you move away! The ogre hits you with a +0 giant club!
You die...

##..#.......##. #...##.....
#..............####........
#.....##..................#
#..#### ###.......<.......#
##.# ###......###.........
### ........##....#....#
#.....#....#.##....
#.....O...#.##....
#....@#...#.......
##.#..#.........
#..#............
#......)........
##..##..†.......
####...........
##....#..... ##..##.....
#### ....


You could see an ogre.

Vanquished Creatures
  A scorpion (D:4)
  Jessica (D:3)
  Ijyb (D:4)
  6 adders
  4 worms
  A dart slug (D:3)
  3 orcs
  10 ball pythons
  7 bats
  5 endoplasms
  6 giant cockroaches
  7 goblins
  5 hobgoblins
  2 jackals (D:2)
  4 kobolds
  A quokka (D:3)
  3 frilled lizards
  8 rats
75 creatures vanquished.

Notes
Turn   | Place    | Note
-------+----------+-------------------------------------------
     0 | D:1      | Flugkiller the Minotaur Fighter began the quest for the
                  | Orb.
     0 | D:1      | Reached XP level 1. HP: 19/19 MP: 0/0
    83 | D:1      | Reached XP level 2. HP: 27/27 MP: 1/1
   708 | D:2      | Reached XP level 3. HP: 32/33 MP: 2/2
  1599 | D:3      | Reached XP level 4. HP: 34/41 MP: 3/3
  1639 | D:3      | You fall into a shaft and drop 1 floor!
  1645 | D:4      | Noticed a scorpion
  1651 | D:4      | Killed a scorpion
  1653 | D:4      | Reached XP level 5. HP: 30/47 MP: 4/4
  1806 | D:4      | Noticed an ogre
  1884 | D:3      | Identified the +1 robe "Kigouxku" {Regen+ Int+5}
  1972 | D:3      | Noticed Jessica
  1978 | D:3      | Killed Jessica
  1979 | D:3      | Reached skill level 5 in Fighting
  2048 | D:3      | Reached skill level 5 in Armour
  2833 | D:4      | Noticed Ijyb
  2843 | D:4      | Killed Ijyb
  2914 | D:4      | Slain by an ogre

Illustrated notes

Levels and vault maps discovered:
D:1:      tarquinn_simple_flora_water_a, layout_rooms
D:2:      layout_basic, corexii_shack
D:3:      minmay_thinvault, layout_basic, chequers_serial_rivers_small_3,
          st_stairs_11, minivault_14, uniq_jessica
D:4:      layout_cave_pools, grunt_temple_overflow_opulence,
          kennysheep_little_box, minmay_temple_entry_overgrown, serial_shops,
          nicolae_diamond_shop, uniq_ijyb

Skill      XL: |  1  2  3  4  5 |
---------------+----------------+-----
Axes           | 3 4 |  4.6
Fighting       | 4 5 |  5.2
Armour         | 4 5 |  5.2
Shields        | 4 |  4.3
Evocations     | |  0.3

Action                     |  1- 3 |  4- 6 || total
---------------------------+-------+-------++-------
  Melee: War axe           |    99 |    87 ||   186
         Headbutt          |    16 |     9 ||    25
    Use: Scroll            |       |    11 ||    11
         Potion            |       |     1 ||     1
 Armour: Scale mail        |    39 |    47 ||    86
  Dodge: Dodged            |    51 |    47 ||    98
  Block: Buckler           |    25 |    26 ||    51
